 Dungeon Crawl Stone Soup version 0.29.1-2-gbd0b4ee654 (webtiles) character file.

Game seed: 7510473930236332234

291 eriqlaplus the Gusty (level 6, 0/33 HPs)
             Began as a Tengu Air Elementalist on Oct 31, 2022.
             Succumbed to a scorpion's poison
             ... on level 4 of the Dungeon.
             The game lasted 00:16:47 (3653 turns).

eriqlaplus the Gusty (Tengu Air Elementalist)       Turns: 3653, Time: 00:16:47

Health: 0/33       AC:  2    Str:  8    XL:     6   Next: 32%
Magic:  12/12      EV: 15    Int: 18    God:
Gold:   167        SH:  5    Dex: 14    Spells: 11/12 levels left

rFire   . . .      SeeInvis .   e - +2 short sword (flame)
rCold   . . .      Faith    .   (no shield)
rNeg    . . .      Spirit   .   a - +0 robe
rPois   .          Reflect  +   (helmet restricted)
rElec   .          Harm     .   (no cloak)
rCorr   .          Rampage  .   (no gloves)
Will    .....                   (boots unavailable)
Stlth   ++........              u - amulet of reflection
HPRegen 0.11/turn               (no ring)
MPRegen 0.13/turn               (no ring)

@: lethally poisoned (0 -> -10), flying quickly and evasively, quick
A: beak, talons 3, nimble flight
a: no special abilities


You were on level 4 of the Dungeon.
You visited 1 branch of the dungeon, and saw 4 of its levels.

You collected 167 gold pieces.

Inventory:

Hand Weapons
 d - a +0 club
 e - a +2 short sword of flaming (weapon)
Missiles
 m - 2 throwing nets
Armour
 a - a +0 robe (worn)
Jewellery
 u - an amulet of reflection (around neck)
Wands
 q - a wand of digging (7)
 v - a wand of flame (23)
Scrolls
 g - a scroll of enchant armour {unknown}
 h - a scroll of blinking
 i - 2 scrolls of brand weapon
 j - 3 scrolls of teleportation
 l - a scroll of butterflies {unknown}
 p - a scroll of torment {unknown}
 s - a scroll of magic mapping {unknown}
 t - a scroll of vulnerability
Potions
 b - a potion of magic
 c - a potion of curing {unknown}
 f - a potion of degeneration {unknown}
 k - 2 potions of heal wounds {unknown}
 o - a potion of attraction {unknown}
 r - a potion of berserk rage {unknown}


   Skills:
 + Level 0.9 Fighting
 + Level 1.0 Short Blades
 + Level 3.0 Dodging
 + Level 2.0 Stealth
 + Level 3.5 Spellcasting
 + Level 4.2 Conjurations
 + Level 5.7 Air Magic


You had 11 spell levels left.
You knew the following spells:

 Your Spells              Type           Power      Damage    Failure   Level
a - Shock                 Conj/Air       84%        1d8       1%          1

Your spell library contained the following spells:

 Spells                   Type           Power      Damage    Failure   Level
 Static Discharge         Conj/Air       21%        3-6/arc   3%          2
 Swiftness                Air            23%        N/A       4%          3
 Airstrike                Air            11%        2d(2-18)  14%         4
 Call Canine Familiar     Summ           3%         N/A       43%         3
 Portal Projectile        Hex/Tloc       6%         N/A       43%         3
 Leda's Liquefaction      Hex/Erth       1%         N/A       83%         4


Dungeon Overview and Level Annotations

Branches:
Dungeon (4/15)
 Temple: D:4-7

Altars:


Innate Abilities, Weirdness & Mutations

You have a beak for a mouth.
You have claws for feet.
Your magical nature lets you fly swiftly and evasively.


Message History

You are poisoned.
The scorpion poisons you! The scorpion stings you.
You closely miss the scorpion.
The scorpion is lightly wounded.
You feel very sick. The scorpion stings you.
You hit the scorpion. You burn the scorpion.
The scorpion is moderately wounded.
You feel sick. The scorpion stings you.
You barely miss the scorpion. You claw the scorpion.
The scorpion is moderately wounded.
You feel sick. You block the scorpion's attack.
You hit the scorpion but do no damage. Your kick misses the scorpion.
The scorpion is moderately wounded.
You feel sick. The scorpion closely misses you. The scorpion misses you.
You hit the scorpion but do no damage. You claw the scorpion.
The scorpion is heavily wounded.
You feel sick. The scorpion closely misses you.
You barely miss the scorpion. Your peck misses the scorpion.
The scorpion is heavily wounded.
You feel sick. The scorpion closely misses you.
You closely miss the scorpion.
You claw the scorpion, but do no damage.
Your peck misses the scorpion.
The scorpion is heavily wounded.
You feel sick. The scorpion stings you.
* * * LOW HITPOINT WARNING * * *
You hit the scorpion but do no damage.
The scorpion is heavily wounded.
You feel sick.
You are no longer poisoned.
The scorpion stings you.
* * * LOW HITPOINT WARNING * * *
You are lethally poisoned!
The scorpion poisons you!
The scorpion stings you but does no damage.
You hit the scorpion. You burn the scorpion.
You peck the scorpion, but do no damage.
The scorpion is severely wounded.
You die...

.#...# #.#.....#.#
.#...######.#####.#.#
.#..................#
.#.#........####.####
.#.########## #.#
.#.# #.# .#.# #.#
##.# #.# ...# #@#
#### #.s.../..
#.####### ###


You could see a scorpion.

Vanquished Creatures
  An orc priest (D:3)
  An orc wizard (D:2)
  10 gnolls
  5 adders
  A dart slug (D:1)
  12 orcs
  8 ball pythons
  3 bats
  12 endoplasms
  2 giant cockroaches
  7 goblins
  3 hobgoblins (D:1)
  6 jackals
  A quokka (D:1)
  5 frilled lizards
  7 kobolds
  5 rats
89 creatures vanquished.

Notes
Turn   | Place    | Note
-------+----------+-------------------------------------------
     0 | D:1      | eriqlaplus the Tengu Air Elementalist began the quest for
                  | the Orb.
     0 | D:1      | Reached XP level 1. HP: 10/10 MP: 4/4
   282 | D:1      | Reached XP level 2. HP: 15/15 MP: 4/6
   837 | D:1      | Reached XP level 3. HP: 19/19 MP: 2/7
  1378 | D:2      | Reached skill level 5 in Air Magic
  1386 | D:2      | Reached XP level 4. HP: 3/24 MP: 4/9
  1964 | D:2      | Gained mutation: Your magical nature lets you fly swiftly
                  | and evasively. [Tengu growth]
  1964 | D:2      | Reached XP level 5. HP: 14/28 MP: 3/10
  2176 | D:2      | Reached skill level 1 in Short Blades
  2989 | D:3      | Reached XP level 6. HP: 27/33 MP: 5/12
  3653 | D:4      | Succumbed to a scorpion's poison

Illustrated notes

Levels and vault maps discovered:
D:1:      dpeg_arrival_round_a, layout_loops_ring, minmay_strange_pillars
D:2:      layout_basic
D:3:      layout_rooms
D:4:      layout_basic, uniq_menkaure

Skill      XL: |  1  2  3  4  5 |
---------------+----------------+-----
Conjurations   | 2 3 4 |  4.2
Air Magic      | 5 |  5.7
Spellcasting   | 3 |  3.5
Dodging        | 3 |  3.0
Short Blades   | 1 |  1.0
Fighting       | |  0.9
Stealth        | |  2.0

Action                   |  1- 3 |  4- 6 || total
-------------------------+-------+-------++-------
Melee: Unarmed           |     3 |       ||     3
       Peck              |     4 |     4 ||     8
       Club              |     2 |       ||     2
       Short sword       |    23 |    52 ||    75
       Kick              |     9 |    13 ||    22
 Cast: Shock             |    51 |   105 ||   156
  Use: Scroll            |       |     4 ||     4
Armor: Robe              |    10 |     4 ||    14
Dodge: Dodged            |    21 |    36 ||    57
Block: Other             |       |    10 ||    10
